Map: [ESL] Oceanborn

Players

Maru

  • Race: Terran Terran
  • Spawn Location: 11:00

Cyan - Winner!

  • Race: Protoss Protoss
  • Spawn Location: 5:00

Event: IEM Katowice 2024

VOD

Have the link to the VOD?

Description

Time

  • Played on: Feb. 8, 2024, 11:58 a.m.
  • Length: 20:54

All games in this series

Show
View Real Time Build Order
Export as new Build Order

Maru Terran 

Build Orders: 1/1/1 

Get SALT Encoding   

  12  0:00  SCV  
  13  0:12  SCV  
  14  0:17  Supply Depot  
  14  0:24  SCV  
  15  0:38  SCV  
  15  0:40  Barracks  
  15  0:42  Refinery  
  16  0:51  SCV  
  16  0:52  Refinery  
  17  1:03  SCV  
  18  1:15  SCV  
  19  1:27  Orbital Command  
  19  1:29  Reaper  
  19  1:30  Supply Depot  
  20  1:42  Factory  
  20  1:53  SCV  
  21  2:01  Barracks Reactor  
  21  2:05  SCV  
  22  2:14  Command Center  
  22  2:17  SCV  
  23  2:27  Starport  
  23  2:29  SCV  
  24  2:35  Widow Mine  
  25  2:37  Supply Depot  
  25  2:40  Marine  
  25  2:42  Marine  
  27  2:46  SCV  
  28  2:56  Widow Mine  
  28  2:58  SCV  
  31  3:01  Marine x2  
  31  3:05  Medivac  
  35  3:10  SCV  
  36  3:18  Widow Mine  
  38  3:22  Marine  
  38  3:25  Marine  
  38  3:26  SCV  
  41  3:38  SCV  
  41  3:39  Starport Tech Lab, Factory Tech Lab  
  41  3:40  Marine  
  43  3:43  Marine  
  43  3:45  Orbital Command  
  44  3:50  SCV  
  44  3:54  Supply Depot  
  45  3:58  Raven  
  50  4:02  Siege Tank  
  50  4:03  SCV  
  50  4:06  Marine x2  
  53  4:12  SCV  
  53  4:16  SCV  
  55  4:18  Barracks  
  55  4:24  SCV, Marine x2  
  55  4:28  SCV  
  59  4:35  Siege Tank  
  59  4:38  SCV  
  61  4:40  SCV  
  61  4:42  Marine x2  
  61  4:43  Supply Depot  
  61  4:44  Barracks  
  62  4:55  Supply Depot  
  62  4:56  SCV  
  62  4:57  SCV, Engineering Bay  
  62  5:04  Marine x2  
  62  5:05  Refinery  
  64  5:09  Siege Tank, Supply Depot  
  64  5:12  SCV x2  
  69  5:24  SCV x2  
  69  5:25  Terran Infantry Weapons Level 1  
  69  5:28  Stimpack, Marine x3  
  70  5:33  Marine  
  73  5:36  SCV x2  
  73  5:40  Supply Depot  
  75  5:45  Siege Tank  
  75  5:46  Marine x2  
  75  5:48  SCV  
  81  5:51  SCV  
  81  5:56  Supply Depot  
  82  6:00  Barracks Tech Lab  
  82  6:01  Starport Reactor  
  82  6:02  SCV  
  83  6:04  Marine  
  83  6:05  Supply Depot, Refinery  
  83  6:11  SCV  
  77  6:18  Combat Shield  
  77  6:20  Marauder x2, Marine  
  77  6:22  Marine  
  77  6:24  SCV  
  79  6:34  Command Center  
  76  6:42  Marauder x2, Marine x2  
  76  6:44  Siege Tank  
  82  7:02  Barracks  
  82  7:04  Barracks, SCV x2  
  82  7:07  Marine x2  
  82  7:08  Marauder x2  
  90  7:14  Concussive Shells  
  90  7:18  Medivac  
  90  7:19  Terran Infantry Armor Level 1  
  90  7:21  SCV  
  90  7:22  SCV  
  94  7:23  Medivac  
  94  7:26  Marine x2  
  94  7:28  Factory Reactor  
  94  7:29  Marauder x2  
  102  7:34  SCV x2  
  103  7:44  Supply Depot, Marine x2  
  102  7:46  SCV x2  
  102  7:50  Marauder  
  102  7:51  Marauder  
  110  7:52  Barracks Tech Lab x2  
  110  7:58  Medivac x2, SCV x2  
  112  8:05  Widow Mine x2  
  120  8:06  Marauder, Marine  
  120  8:10  Orbital Command  
  120  8:12  Marauder x2  
  127  8:13  Supply Depot, SCV  
  127  8:14  SCV  
  129  8:25  Marine, SCV  
  129  8:26  Marauder  
  133  8:30  Supply Depot  
  133  8:34  Widow Mine, Marine  
  133  8:35  Marauder, Widow Mine  
  133  8:37  SCV x2  
  133  8:40  SCV  
  135  8:43  Medivac x2  
  135  8:47  Refinery  
  135  8:48  Refinery  
  135  8:49  SCV x2, Ghost Academy  
  135  8:55  Marauder x3  
  140  8:57  Widow Mine x2  
  144  9:04  SCV x2  
  144  9:08  Supply Depot  
  144  9:09  Supply Depot  
  146  9:13  Medivac  
  148  9:17  SCV  
  148  9:19  Command Center  
  148  9:22  SCV  
  149  9:28  SCV  
  149  9:29  Ghost  
  149  9:30  Viking  
  142  9:40  Armory, Engineering Bay  
  142  9:43  Viking  
  144  9:46  Ghost x2  
  144  9:47  Marine x2  
  144  9:49  Marine  
  151  9:53  SCV x2  
  151  9:57  Marine  
  151  9:58  Supply Depot  
  154  10:00  Viking  
  154  10:06  Missile Turret  
  156  10:13  Viking  
  156  10:15  Widow Mine x2, Starport  
  160  10:25  Ghost x2  
  160  10:26  Marauder x2  
  160  10:27  Marine x2  
  166  10:30  Viking  
  166  10:33  SCV x3  
  166  10:35  Terran Infantry Weapons Level 2  
  171  10:42  Supply Depot  
  171  10:43  Terran Infantry Armor Level 2  
  171  10:44  Marine x2  
  171  10:47  Marine  
  174  10:52  Terran Ship Weapons Level 1, Refinery  
  174  10:53  Refinery  
  175  10:57  SCV x3  
  175  10:58  Planetary Fortress  
  175  10:59  Supply Depot  
  175  11:03  Marauder x2  
  181  11:09  SCV  
  181  11:15  Viking x2  
  181  11:20  Viking x2  
  181  11:21  Marauder  
  187  11:31  Ghost  
  184  11:39  Marauder x2, Marine  
  176  11:43  Marauder  
  176  11:45  Viking  
  176  11:46  Viking  
  176  11:53  SCV x4  
  174  11:56  Viking x2  
  174  12:00  Marauder x2, Marine x3  
  181  12:04  Marine  
  181  12:05  SCV x3  
  185  12:15  Viking  
  187  12:17  Marine  
  187  12:18  Command Center, Marauder, Marine  
  187  12:22  Marauder x3  
  194  12:35  Marine x2  
  193  12:40  Marauder  
  193  12:42  Marine  
  193  12:43  Marauder, Marine  
  185  12:50  Missile Turret  
  178  12:54  Marine  
  178  12:57  SCV  
  178  12:58  Fusion Core, SCV x3  
  182  13:00  Marine  
  182  13:01  Ghost, Marauder x2  
  182  13:04  Ghost  
  191  13:05  Missile Turret  
  191  13:09  Missile Turret  
  191  13:12  Marine  
  191  13:18  Marine  
  193  13:22  Marauder  
  193  13:23  Marauder  
  197  13:29  Terran Infantry Armor Level 3, Terran Infantry Weapons Level 3  
  197  13:30  Marine, Marauder  
  197  13:33  Marauder  
  198  13:36  Marine  
  187  13:44  Marauder x2  
  187  13:48  SCV, Marine  
  181  13:49  SCV x3  
  181  13:51  Marauder  
  181  13:53  Liberator  
  181  13:54  Liberator x2, Marine  
  190  14:00  SCV  
  191  14:07  Marine  
  191  14:08  Marauder  
  189  14:13  Marauder x2, Marine  
  189  14:16  Planetary Fortress  
  194  14:19  SCV x4  
  198  14:27  Medivac  
  198  14:42  Missile Turret  
  191  14:46  Ghost x2  
  191  14:47  Liberator  
  196  14:59  Liberator  
  199  15:00  SCV  
  190  15:23  Command Center  
  190  15:24  Ghost x3  
  190  15:27  Marine x2  
  190  15:28  Marauder  
  195  15:33  Liberator  
  157  15:45  Marine  
  157  15:46  Liberator  
  157  15:49  Liberator, Marauder  
  146  15:51  SCV x3, Marine  
  146  15:52  Ghost x2, SCV  
  146  15:53  Marauder  
  150  16:03  SCV x2, Marine  
  143  16:08  Marine  
  143  16:09  Ghost, SCV x2  
  147  16:14  Marauder  
  147  16:15  SCV x2  
  151  16:20  Marine  
  151  16:22  Marauder x2  
  153  16:26  Marine  
  151  16:36  Marauder  
  151  16:38  Marine x2  
  153  16:43  Marauder, Marine  
  153  16:44  Marine  
  149  16:49  SCV x2  
  149  16:50  SCV  
  141  16:56  Marine  
  141  16:57  Marauder x2  
  148  17:01  Marauder  
  148  17:02  Marine  
  148  17:04  Marine  
  148  17:05  Liberator x2  
  156  17:08  Advanced Ballistics  
  156  17:13  Liberator  
  156  17:14  Marine  
  156  17:16  Liberator  
  156  17:18  Marauder, Marine  
  156  17:20  Marine  
  156  17:22  Marauder x2  
  167  17:28  Widow Mine  
  169  17:32  Marine  
  169  17:36  Marine  
  151  17:37  Marine  
  151  17:39  Marine  
  151  17:43  Marine  
  151  17:44  Marauder  
  153  17:49  Marine  
  124  17:54  Marauder  
  124  17:55  Marine  
  124  17:57  Marauder  
  103  18:01  Marauder  
  103  18:05  Marine  
  102  18:07  Marine  
  102  18:12  SCV x4  
  107  18:13  Marine  
  107  18:15  Marauder  
  107  18:19  Marauder  
  112  18:22  Marine  
  112  18:23  Marauder  
  112  18:24  SCV x4  
  112  18:25  Marine  
  120  18:31  Marine  
  121  18:36  Ghost  
  121  18:39  Ghost  
  121  18:40  Planetary Fortress, Ghost  
  124  18:43  Ghost, Marine  
  120  18:49  Marine  
  118  19:01  Marine  
  114  19:05  Marine  
  114  19:06  Marine  
  114  19:09  Marine, Marauder  
  109  19:12  Marine  
  110  19:19  Marine  
  110  19:23  Marauder  
  110  19:24  Marine  
  110  19:27  Marauder  
  110  19:29  Marine  
  110  19:31  Marauder  
  114  19:36  Marine  
  97  20:04  Supply Depot  
  97  20:05  Supply Depot  
  97  20:06  Supply Depot  
  96  20:08  Supply Depot  
  95  20:18  Marauder, Marine  
  90  20:27  Marauder  
  90  20:28  Supply Depot x3  
  96  20:31  Supply Depot  
  95  20:36  Marine  
Show
View Real Time Build Order
Export as new Build Order

Cyan Protoss - Winner!

Build Orders: 1 Gate Expand, Blink Stalkers 

Get SALT Encoding   

  12  0:00  Probe  
  13  0:12  Probe  
  14  0:17  Pylon  
  14  0:24  Probe (Chrono Boost)  
  15  0:36  Probe (Chrono Boost)  
  15  0:37  Gateway  
  16  0:45  Probe (Chrono Boost)  
  16  0:46  Assimilator  
  17  0:51  Probe  
  18  1:03  Probe  
  19  1:19  Nexus  
  19  1:28  Cybernetics Core  
  19  1:30  Probe  
  20  1:36  Assimilator  
  20  1:42  Probe  
  20  1:47  Pylon  
  21  1:57  Probe  
  22  2:02  Adept (Chrono Boost)  
  22  2:05  Probe, Warp Gate  
  24  2:13  Probe  
  25  2:21  Twilight Council  
  26  2:23  Probe  
  26  2:25  Adept  
  29  2:31  Probe (Chrono Boost)  
  31  2:40  Probe (Chrono Boost)  
  31  2:43  Probe (Chrono Boost)  
  32  2:49  Probe (Chrono Boost)  
  32  2:50  Probe (Chrono Boost)  
  34  2:56  Blink (Chrono Boost)  
  34  2:57  Probe  
  35  2:59  Gateway  
  35  3:00  Probe  
  36  3:09  Probe  
  36  3:10  Stalker  
  36  3:12  Probe  
  40  3:21  Probe  
  40  3:22  Robotics Facility  
  40  3:24  Probe  
  42  3:31  Pylon  
  42  3:33  Probe  
  43  3:36  Probe  
  44  3:45  Probe  
  45  3:48  Pylon  
  45  3:49  Probe  
  45  3:53  Stalker x2  
  50  4:01  Nexus  
  50  4:04  Probe x2  
  52  4:10  Observer  
  52  4:16  Pylon  
  53  4:17  Stalker  
  53  4:18  Stalker  
  53  4:20  Probe  
  53  4:21  Probe  
  53  4:22  Assimilator  
  59  4:29  Assimilator  
  59  4:32  Pylon, Probe  
  59  4:33  Probe  
  60  4:48  Probe  
  61  4:54  Robotics Bay  
  61  4:57  Probe  
  62  5:00  Immortal (Chrono Boost)  
  67  5:07  Probe  
  67  5:13  Charge (Chrono Boost)  
  67  5:15  Gateway  
  67  5:17  Gateway  
  67  5:19  Probe  
  68  5:28  Shield Battery  
  68  5:29  Stalker  
  68  5:30  Shield Battery  
  70  5:36  Stalker  
  70  5:41  Immortal (Chrono Boost)  
  74  5:52  Pylon  
  68  5:59  Stalker  
  68  6:00  Stalker  
  66  6:13  Probe, Stalker  
  66  6:14  Colossus  
  65  6:20  Stalker  
  65  6:21  Probe  
  65  6:23  Probe  
  69  6:28  Stalker x2  
  69  6:30  Probe (Chrono Boost)  
  73  6:35  Probe x2 (Chrono Boost)  
  73  6:37  Stalker  
  73  6:39  Extended Thermal Lance  
  80  6:47  Probe x3 (Chrono Boost)  
  80  6:52  Probe x2 (Chrono Boost)  
  83  6:54  Probe (Chrono Boost)  
  83  6:55  Forge  
  83  6:58  Zealot x3, Pylon  
  83  7:00  Zealot  
  91  7:02  Probe  
  91  7:05  Colossus (Chrono Boost)  
  98  7:12  Gateway  
  98  7:17  Pylon  
  98  7:19  Gateway  
  98  7:23  Sentry  
  98  7:24  Gateway  
  98  7:25  Protoss Ground Weapons Level 1 (Chrono Boost), Pylon  
  98  7:26  Zealot  
  102  7:30  Probe, Pylon  
  102  7:34  Zealot  
  105  7:42  Pylon  
  105  7:43  Gateway  
  105  7:45  Zealot  
  105  7:46  Shield Battery  
  105  7:47  Sentry  
  105  7:48  Zealot, Pylon  
  105  7:49  Colossus (Chrono Boost)  
  111  7:55  Shield Battery  
  117  8:01  Sentry  
  119  8:07  Pylon  
  119  8:13  Zealot x5  
  129  8:20  Zealot  
  131  8:28  Zealot  
  131  8:31  Colossus (Chrono Boost)  
  131  8:34  Zealot x5  
  139  8:36  Pylon  
  131  8:48  Nexus  
  127  8:50  Shield Battery  
  127  8:51  Pylon  
  127  9:00  Gravitic Drive (Chrono Boost)  
  127  9:01  Nexus  
  127  9:05  Stalker x3  
  127  9:09  Dark Shrine  
  133  9:13  Warp Prism (Chrono Boost), Shield Battery  
  133  9:16  Shield Battery  
  135  9:20  Protoss Ground Weapons Level 2 (Chrono Boost)  
  133  9:26  Zealot x3  
  135  9:36  Zealot x4  
  139  9:42  Probe x2  
  140  9:45  Observer (Chrono Boost)  
  140  9:46  Photon Cannon x2  
  140  9:51  Photon Cannon  
  140  9:59  Probe  
  141  10:00  Probe  
  141  10:05  Zealot x4  
  141  10:06  Observer (Chrono Boost)  
  147  10:17  Observer (Chrono Boost)  
  147  10:18  Stalker x4  
  154  10:29  Photon Cannon  
  154  10:30  Observer, Pylon, Probe x2  
  156  10:39  Gateway  
  156  10:41  Forge  
  157  10:43  Robotics Facility, Gateway  
  157  10:47  Probe  
  157  10:48  Assimilator, Probe x3  
  161  10:50  Observer  
  161  10:52  Zealot x2  
  165  11:00  Stalker x2  
  165  11:01  Stalker  
  171  11:06  Disruptor  
  171  11:10  Protoss Ground Armor Level 1 (Chrono Boost)  
  172  11:28  Zealot x8  
  174  11:43  Dark Templar x2  
  168  11:48  Protoss Ground Weapons Level 3 (Chrono Boost)  
  164  11:55  Disruptor x2 (Chrono Boost)  
  160  12:04  Probe  
  161  12:10  Stalker x4  
  161  12:11  Zealot x4  
  176  12:27  Disruptor (Chrono Boost)  
  177  12:35  Disruptor  
  175  12:42  Zealot x2  
  175  12:43  Zealot x4  
  183  12:53  Probe x2  
  183  12:58  Protoss Ground Armor Level 2 (Chrono Boost)  
  181  13:00  Probe  
  181  13:03  Robotics Facility  
  181  13:04  Pylon  
  178  13:07  Nexus  
  178  13:09  Pylon  
  178  13:10  Pylon  
  178  13:12  Zealot x2  
  178  13:13  Zealot x7  
  195  13:22  Disruptor  
  199  13:28  Pylon  
  199  13:30  Photon Cannon  
  199  13:31  Photon Cannon  
  199  13:33  Shield Battery  
  199  13:35  Shield Battery  
  199  13:40  Stalker x3  
  171  13:59  Stalker x7  
  179  14:04  Gateway  
  179  14:07  Gateway  
  173  14:16  Disruptor  
  173  14:18  Probe x2  
  173  14:19  Zealot  
  173  14:22  Zealot x9  
  193  14:37  Probe  
  192  14:42  Protoss Shields Level 1 (Chrono Boost)  
  194  15:06  Assimilator  
  186  15:11  Assimilator  
  186  15:16  Stalker x7  
  186  15:17  Nexus  
  186  15:18  Pylon  
  184  15:26  Zealot x4  
  184  15:28  Disruptor x2  
  166  15:40  Zealot x7  
  166  15:42  Disruptor (Chrono Boost)  
  168  16:00  Protoss Ground Armor Level 3 (Chrono Boost), Colossus (Chrono Boost)  
  168  16:02  Disruptor (Chrono Boost)  
  150  16:11  Zealot x12  
  156  16:14  Disruptor (Chrono Boost)  
  178  16:33  Disruptor  
  150  16:55  Stalker x7  
  150  16:57  Zealot x4  
  150  16:58  Zealot  
  150  16:59  Probe x2  
  150  17:00  Probe  
  177  17:01  Probe  
  177  17:02  Assimilator, Probe x2  
  177  17:06  Assimilator  
  180  17:11  Probe  
  180  17:12  Probe  
  180  17:14  Nexus  
  182  17:15  Pylon  
  182  17:19  Zealot  
  182  17:20  Zealot x8  
  200  17:31  Stargate  
  182  17:49  Disruptor x2 (Chrono Boost)  
  148  18:03  Zealot x12  
  150  18:06  Probe  
  150  18:07  Protoss Shields Level 2 (Chrono Boost)  
  150  18:11  Colossus (Chrono Boost)  
  150  18:12  Probe x2  
  151  18:18  Phoenix  
  153  18:23  Zealot  
  153  18:24  Zealot x3  
  153  18:25  Dark Templar x2  
  161  18:27  Dark Templar  
  161  18:33  Stalker x5  
  173  18:35  Colossus (Chrono Boost)  
  173  18:44  Stalker x2  
  173  18:46  Zealot x2  
  162  19:03  Stalker x4  
  162  19:04  Zealot x3, Stalker  
  162  19:09  Assimilator  
  172  19:10  Shadow Stride (Chrono Boost)  
  172  19:11  Assimilator  
  168  19:18  Disruptor  
  159  19:25  Stalker  
  154  19:51  Stalker x3  
  146  20:05  Zealot x2, Stalker x2  
  146  20:06  Zealot x4  
  156  20:10  Nexus  
  156  20:12  Pylon  
  156  20:15  Pylon  
  147  20:26  Dark Templar  
  149  20:35  Stalker  
  149  20:36  Stalker x2  
  149  20:37  Zealot x5  

Tags
 
Add a new tag
Caveats
  • Supply blocks, unpowered buildings, or Contaminate may cause inaccurate times.
  • Supply counts are checked every 10 seconds.